Construct Section Command Post
Selects Indian Artillery Battlegroup
Selects Towed ML 4.2-inch Heavy Mortar
Construct Field Infirmary
Construct Platoon Command Post
Selects Off-map Airburst Barrage
Unlock Bishop Self-propelled Artillery
Bishop Self-propelled Artillery
Bishop Self-propelled Artillery
Selects Gurkha Rifles Section
6-pounder Anti-tank Gun Team
Selects BL5.5 Artillery Emplacement
Construct Company Command Post
Selects Volunteer Infantry
Unlock Towed 17-pounder Anti-tank Guns
17-pounder Anti-tank Gun Team